 Dungeon Crawl Stone Soup version 0.27.1 (webtiles) character file.

Game seed: 9102005041216850283

263 nxtlvl the Ruffian (level 5, -6/50 HPs)
             Began as a Troll Abyssal Knight on Sept 4, 2021.
             Was a Believer of Lugonu.
             Mangled by Duvessa (10 damage)
             ... on level 4 of the Dungeon.
             The game lasted 00:04:48 (498 turns).

nxtlvl the Ruffian (Troll Abyssal Knight)            Turns: 498, Time: 00:04:48

Health: -6/50      AC:  4    Str: 20    XL:     5   Next: 98%
Magic:  5/5        EV:  9    Int:  9    God:    Lugonu [**....]
Gold:   86         SH:  0    Dex:  9    Spells: 4/4 levels left

rFire    + . .     SeeInvis .     - Unarmed
rCold    . . .     Faith    .   (no shield)
rNeg     . . .     Spirit   .   a - +0 robe
rPois    .         Reflect  .   (helmet restricted)
rElec    .         Harm     .   (no cloak)
rCorr    .         Rampage  .   (gloves unavailable)
Will     .....                  (boots unavailable)
Stlth    +.........             (no amulet)
HPRegen  1.16/turn              i - ring of protection from fire
MPRegen  0.09/turn              (no ring)

@: no status effects
A: large, unfitting armour, claws 3, regeneration 1, shaggy fur 1, tough skin 1
a: Renounce Religion, Depart the Abyss, Bend Space


You were on level 4 of the Dungeon.
You worshipped Lugonu.
Lugonu was pleased with you.
You visited 1 branch of the dungeon, and saw 4 of its levels.
You visited the Abyss 1 time.

You collected 86 gold pieces.

Inventory:

Missiles
 c - 16 sling bullets
 f - 2 poisoned darts
Armour
 a - a +0 robe (worn)
Jewellery
 i - a ring of protection from fire (left claw)
Scrolls
 d - 2 scrolls of identify {unknown}
 e - a scroll of enchant armour {unknown}
 g - a scroll of torment {unknown}
 k - a scroll of vulnerability {unknown}
Potions
 b - a potion of degeneration {unknown}
 h - a potion of haste
 j - a potion of flight {unknown}


   Skills:
 - Level 2.4 Fighting
 - Level 1.9 Dodging
 * Level 6.3 Unarmed Combat
 - Level 1.5 Invocations


You had 4 spell levels left.
You didn't know any spells.
Your spell library was empty.

Dungeon Overview and Level Annotations

Branches:
Dungeon (4/15)
 Temple: D:4-7

Altars:

Annotations:
D:4 Dowan, Duvessa


Innate Abilities, Weirdness & Mutations

You are too large for most types of armour.
You have claws for hands.
Your natural rate of healing is unusually fast.
You are covered in fur. (AC +1)
You have tough skin. (AC +1)


Message History

You barely miss Duvessa.
Duvessa is heavily wounded.
Duvessa hits you with a +0 short sword.
You closely miss Duvessa.
Duvessa is heavily wounded.
Duvessa hits you but does no damage. The orc hits you with a +0 hand axe.
Duvessa hits you with a +0 short sword!
You completely miss Duvessa.
Duvessa is heavily wounded.
Duvessa hits you with a +0 short sword. The orc closely misses you.
You claw Duvessa!
Duvessa is severely wounded.
Duvessa hits you with a +0 short sword. The orc closely misses you.
Dowan, Brother of Duvessa comes into view.
He is wielding a +0 dagger.
You barely miss Duvessa.
Duvessa is severely wounded.
Dowan shouts!
Duvessa hits you with a +0 short sword!
* * * LOW HITPOINT WARNING * * *
An adder comes into view.
The orc barely misses you. Duvessa completely misses you.
You closely miss Duvessa.
Duvessa is severely wounded.
Duvessa barely misses you. The orc hits you with a +0 hand axe.
* * * LOW HITPOINT WARNING * * *
You barely miss Duvessa.
Duvessa is severely wounded.
Duvessa hits you with a +0 short sword.
* * * LOW HITPOINT WARNING * * *
The orc completely misses you.
You barely miss Duvessa.
Duvessa is severely wounded.
Duvessa hits you with a +0 short sword!
* * * LOW HITPOINT WARNING * * *
Unknown command.
The orc completely misses you. Duvessa completely misses you.
A goblin comes into view. It is wielding a +0 dagger.
The adder hisses angrily.
The goblin shouts!
Duvessa hits you with a +0 short sword!
You die...

..... ......###
....[.... ........#
## .......S# ..
#......###.#
#.......We.#
.#....>oe####
.......@?#
.......g####
..####.....##
##≈≈.......##
#≈≈.).......#
#≈....<.....#
#8..........#######
#≈.................
#≈≈........###.....


You could see Duvessa (fast), a phantom, Dowan, an adder, an orc and a goblin.

Vanquished Creatures
  The ghost of Yajnam the Cudgeller, an amateur DsGl (D:3)
  The ghost of Harkinian2 the Chiller, an amateur DEIE of Dithmenos (D:3)
  A hound (D:3)
  2 iguanas
  A shadow imp (D:4)
  3 ball pythons
  2 endoplasms
  2 giant cockroaches (D:1)
  4 goblins
  3 hobgoblins
  3 jackals (D:1)
  3 kobolds
  3 frilled lizards
  A rat (D:1)
30 creatures vanquished.

Notes
Turn   | Place    | Note
-------+----------+-------------------------------------------
     0 | Abyss:1  | nxtlvl the Troll Abyssal Knight began the quest for the
                  | Orb.
     0 | Abyss:1  | Reached XP level 1. HP: 22/22 MP: 1/1
     7 | D:1      | Escaped the Abyss
   119 | D:1      | Found a faded altar of an unknown god.
   141 | D:1      | Reached XP level 2. HP: 29/29 MP: 2/2
   195 | D:2      | Reached skill level 3 in Unarmed Combat
   221 | D:2      | Reached XP level 3. HP: 8/36 MP: 3/3
   242 | D:4      | Noticed a lemure
   248 | D:4      | Reached skill level 4 in Unarmed Combat
   255 | D:3      | Reached XP level 4. HP: 34/44 MP: 4/4
   293 | D:2      | Reached ** piety under Lugonu
   316 | D:3      | Found a runed translucent gate.
   317 | D:3      | Found a runed translucent gate.
   323 | D:3      | Found a runed translucent gate.
   324 | D:3      | Noticed Harkinian2's ghost (amateur DEIE)
   324 | D:3      | Noticed Yajnam's ghost (amateur DsGl)
   344 | D:3      | Killed Harkinian2's ghost
   345 | D:3      | Reached skill level 5 in Unarmed Combat
   345 | D:3      | Reached XP level 5. HP: 40/50 MP: 5/5
   390 | D:3      | Killed Yajnam's ghost
   391 | D:3      | Reached skill level 6 in Unarmed Combat
   483 | D:4      | Noticed Duvessa
   487 | D:4      | Noticed a phantom
   492 | D:4      | Noticed Dowan
   496 | D:4      | HP: 2/50 [Duvessa (8)]
   498 | D:4      | Mangled by Duvessa

Illustrated notes

Levels and vault maps discovered:
D:1:      dpeg_arrival_signposts, layout_loops_ring,
          shapermc_ecumenical_altar_ellora, serial_shops,
          nicolae_shop_waterfront
D:2:      layout_loops_cross
D:3:      layout_rooms, lemuel_doored_altar, gammafunk_ghost_cemetery
D:4:      layout_rooms, kennysheep_nub, grunt_ministairs_15, uniq_sigmund,
          uniq_blork_the_orc, uniq_pikel, uniq_duvessa

Skill      XL: |  1  2  3  4  5 |
---------------+----------------+-----
Unarmed Combat | 3 4 5 6 |  6.3
Fighting       | |  2.4
Dodging        | |  1.9
Invocations    | |  1.5

Action                   |  1- 3 |  4- 6 || total
-------------------------+-------+-------++-------
Melee: Unarmed           |    45 |    48 ||    93
       Punch             |       |     1 ||     1
Armor: Robe              |    17 |    13 ||    30
Dodge: Dodged            |    13 |    18 ||    31
